 Dungeon Crawl Stone Soup version 0.29-a0-409-gd843f3a48c (webtiles) character file.

Game seed: 5343111626035761750

170 bwicke the Changer (level 5, 0/40 HPs)
             Began as a Draconian Transmuter on May 15, 2022.
             Was a Follower of Nemelex Xobeh.
             Slain by a lemure (3 damage)
             ... led by Pikel
             ... on level 3 of the Dungeon.
             The game lasted 00:11:15 (3561 turns).

bwicke the Changer (Draconian Transmuter)           Turns: 3561, Time: 00:11:16

Health: 0/40       AC:  5    Str: 12    XL:     5   Next: 26%
Magic:  7/8        EV: 12    Int: 16    God:    Nemelex Xobeh [*.....]
Gold:   168        SH:  0    Dex: 11    Spells: 5/8 levels left

rFire   + . .      SeeInvis .     - Unarmed
rCold   . . .      Faith    .   (no shield)
rNeg    . . .      Spirit   .   (body armour unavailable)
rPois   .          Reflect  .   (helmet currently unavailable)
rElec   .          Harm     .   (no cloak)
rCorr   .          Rampage  .   (no gloves)
Will    .....                   (boots currently unavailable)
Stlth   +.........              (no amulet)
HPRegen 0.13/turn               n - ring of protection from fire
MPRegen 0.11/turn               (no ring)

@: appendages
A: horns 2, talons 2, AC +5, unfitting armour, cold-blooded
a: End Transformation, Renounce Religion, Draw Escape, Draw Destruction, Draw
Summoning


You were on level 3 of the Dungeon.
You worshipped Nemelex Xobeh.
Nemelex Xobeh was aware of your devotion.
You had temporarily grown beastly horns and talons.
You visited 1 branch of the dungeon, and saw 4 of its levels.

You collected 168 gold pieces.

Inventory:

Hand Weapons
 d - a +0 dagger
 o - a +1 falchion of holy wrath
Missiles
 j - 107 stones
 k - 3 boomerangs
 p - 4 javelins
Armour
 h - a +0 pair of boots (melded)
Jewellery
 n - a ring of protection from fire (left hand)
Scrolls
 c - 2 scrolls of amnesia {unknown}
 f - a scroll of fog {unknown}
 i - 2 scrolls of silence {unknown}
 l - a scroll of immolation {unknown}
 m - a scroll of identify {unknown}
 q - a scroll of poison {unknown}
Potions
 a - a potion of lignification
 b - a potion of cancellation {unknown}
 e - 2 potions of berserk rage {unknown}
 g - a potion of heal wounds {unknown}


   Skills:
 - Level 1.1 Fighting
 - Level 1.7 Dodging
 - Level 3.0 Unarmed Combat
 - Level 2.0 Spellcasting
 + Level 5.5 Transmutations


You had 5 spell levels left.
You knew the following spells:

 Your Spells              Type           Power      Damage    Failure   Level
a - Beastly Appendage     Tmut           38%        N/A       2%          1
b - Wereblood             Tmut           19%        N/A       3%          2

Your spell library contained the following spells:

 Spells                   Type           Power      Damage    Failure   Level
 Spider Form              Tmut/Pois      10%        N/A       21%         3
 Dazzling Flash           Conj/Hex       2%         N/A       52%         3
 Gell's Gravitas          Tloc           1%         N/A       52%         3
 Lesser Beckoning         Tloc           1%         N/A       52%         3
 Teleport Other           Tloc           1%         N/A       52%         3
 Ice Form                 Ice/Tmut       10%        N/A       54%         4
 Agony                    Necr           1%         N/A       99%         5
 Silence                  Hex/Air        0%         N/A       99%         5


Dungeon Overview and Level Annotations

Branches:
Dungeon (4/15)
 Temple: D:4-7

Altars:
Elyvilon
Nemelex Xobeh
Yredelemnul
Zin

Shops:
D:2 =**=*


Innate Abilities, Weirdness & Mutations

You have temporarily grown beastly horns and talons.
Your plain brown scales are hard. (AC +5)
You cannot fit into any form of body armour.
You are cold-blooded and may be slowed by cold attacks.


Message History

The lemure hits you!
You climb upwards.
There is a stone staircase leading down here.
Casting: Beastly Appendage (safe; 2% risk of failure)
Press: ? - help, Q - select action, (/) - cycle Dir - look around, f - activate You miscast Beastly Appendage.
You are very lightly contaminated with residual magic.
Nothing appears to happen.
The lemure barely misses you.
Casting: Beastly Appendage (safe; 2% risk of failure)
Press: ? - help, Q - select action, (/) - cycle Dir - look around, f - activate You grow a pair of large bovine horns.
Your feet morph into talons.
Your +0 pair of boots melds into your body.
The lemure barely misses you.
You barely miss the lemure.
Your tail-slap misses the lemure.
The lemure closely misses you.
You hit the lemure. Your kick misses the lemure. You headbutt the lemure!
The lemure is heavily wounded.
The lemure barely misses you.
You miss the lemure. Your kick misses the lemure.
You tail-slap the lemure, but do no damage.
The lemure is heavily wounded.
The lemure hits you.
You hit the lemure. Your kick misses the lemure.
The lemure is heavily wounded.
The lemure hits you!
* * * LOW HITPOINT WARNING * * *
You miss the lemure. Your kick misses the lemure. You headbutt the lemure.
The lemure is severely wounded.
The lemure hits you but does no damage.
You closely miss the lemure.
Your tail-slap misses the lemure.
The lemure is severely wounded.
The lemure hits you.
* * * LOW HITPOINT WARNING * * *
Your magical contamination has completely faded away.
You hit the lemure. Your headbutt misses the lemure.
The lemure is severely wounded.
The lemure hits you.
You die...
Your body disappears without a glow.

##### ##...##.#....#.# #.#
##.###........# #.# ###.#
#.##.#.### ####.### #...#
#......### .......# #.###
####+####. .###.#.# #.# ##...###.
.###...# ##.# ##.....##.
.##..#)## ##..# ##.......#.
.#..###.########@5.####..........
.....#................'..........
.#..†..#########...####.........#
.##.#..## ##.......##...<...##
........# #.....##.###.....##
#.###.#.# #........# ##...## #.#
#.#.# #.######## ##'## #.# #.#>#
#.# #.# #.# #.#.# #.# #.#####


You could see a lemure.

Vanquished Creatures
  A phantom (D:3)
  An orc wizard (D:4)
  2 adders (D:3)
  2 worms (D:2)
  A dart slug (D:2)
  2 orcs (D:4)
  An endoplasm (D:1)
  4 giant cockroaches
  6 goblins
  4 hobgoblins
  A quokka (D:1)
  3 ball pythons
  4 bats
  9 frilled lizards
  7 kobolds
  4 rats
52 creatures vanquished.

Vanquished Creatures (others)
  7 plants (D:1)
7 creatures vanquished.

Grand Total: 59 creatures vanquished

Notes
Turn   | Place    | Note
-------+----------+-------------------------------------------
     0 | D:1      | bwicke the Draconian Transmuter began the quest for the
                  | Orb.
     0 | D:1      | Reached XP level 1. HP: 16/16 MP: 3/3
   441 | D:1      | Reached XP level 2. HP: 23/23 MP: 3/5
   555 | D:1      | Reached skill level 3 in Transmutations
  1066 | D:1      | Learned a level 2 spell: Wereblood
  1088 | D:2      | Found Maxtied's General Store.
  1140 | D:2      | Found Otuleppu's Assorted Antiques.
  1175 | D:2      | Found a basalt altar of Yredelemnul.
  1270 | D:2      | Reached XP level 3. HP: 25/28 MP: 6/6
  1364 | D:2      | Found Nusiz's General Store.
  1409 | D:2      | Found Plog's Jewellery Boutique.
  1654 | D:2      | Found Dishra's Jewellery Boutique.
  2152 | D:3      | Found a glowing silver altar of Zin.
  2405 | D:3      | Noticed a floating eye
  2410 | D:3      | Noticed a floating eye
  2412 | D:3      | Found a faded altar of an unknown god.
  2413 | D:3      | Noticed a great orb of eyes
  2413 | D:3      | Noticed a shining eye
  2421 | D:3      | Reached skill level 4 in Transmutations
  2670 | D:3      | Found a white marble altar of Elyvilon.
  2722 | D:3      | Noticed a phantom
  2739 | D:3      | Killed a phantom
  2740 | D:3      | Reached skill level 5 in Transmutations
  2740 | D:3      | Reached XP level 4. HP: 5/35 MP: 7/7
  3115 | D:3      | Reached XP level 5. HP: 35/40 MP: 8/8
  3440 | D:3      | Prayed at the altar of an unknown god.
  3440 | D:3      | Became a worshipper of Nemelex Xobeh the Trickster
  3440 | D:3      | Reached * piety under Nemelex Xobeh
  3520 | D:4      | Noticed a lemure
  3561 | D:3      | Slain by a lemure

Illustrated notes

Levels and vault maps discovered:
D:1:      dpeg_arrival_oval, layout_basic, chequers_serial_rivers_micro_b,
          lexackson_kobold_supper
D:2:      cheibrodos_old_hovel, layout_loops_corners, serial_shops, shop_statue,
          nicolae_shop_waterfront, shop, shop_statue, shop, basic_altar,
          nicolae_figureground_pulse
D:3:      layout_loops_corners, zin_scriptorium, elyvilon_altar_4,
          hellmonk_ecumenical_altar_watching_god
D:4:      layout_cave_pods, nicolae_gozag_seed_capital, kiku_gazebo_pond_becter,
          uniq_pikel

Skill      XL: |  1  2  3 |
---------------+----------+-----
Transmutations | 3 5 |  5.5
Fighting       | |  1.1
Dodging        | |  1.7
Unarmed Combat | |  3.0
Spellcasting   | |  2.0

Action                   |  1- 3 |  4- 6 || total
-------------------------+-------+-------++-------
Melee: Unarmed           |   105 |    45 ||   150
       Kick              |    30 |     6 ||    36
       Tailslap          |    13 |     4 ||    17
       Headbutt          |    13 |     7 ||    20
       Punch             |     3 |     2 ||     5
       Falchion          |     3 |       ||     3
 Cast: Beastly Appendage |    32 |     5 ||    37
Armor: Skin              |    26 |    20 ||    46
Dodge: Dodged            |    41 |    13 ||    54

Table legend: (Time is in decaauts)
 A = Elapsed time spent in this place.
 B = Non-inter-level travel time spent in this place.
 C = Inter-level travel time spent in this place.
 D = Time resting spent in this place.
 E = Time spent auto-exploring this place.
 F = Levels seen in this place.
 G = Mean time per level.
                   A        B        C        D        E       F      G
               +--------+--------+--------+--------+--------+-----+--------+
         Total |   3552 |   3397 |    155 |      0 |   2728 |   4 |  888.0 |
       Dungeon |   3552 |   3397 |    155 |      0 |   2728 |   4 |  888.0 |
               +--------+--------+--------+--------+--------+-----+--------+

Top non-repeatable levels by time:
     D:3: 1374 daAuts
     D:1: 1084 daAuts
     D:2: 1029 daAuts
     D:4: 63 daAuts
